Bruins vs Sabres

Created - February-04-14 at 18:25

Goals
1 2 3 T
Bruins 1 0 0 1
Sabres 0 0 0 0
Shots
1 2 3 T
Bruins 8 4 7 19
Sabres 8 7 8 23

1st period

1. Bruins , David Krejci 6 (Pierre-Alexandr Parenteau) at 16:41

Penalties :
Pierre-Alexandr Parenteau (BOS) for Cross-checking (Minor) at 0:44, Dan Girardi (BUF) for Hooking (Minor) at 5:14, Matt Read (BOS) for Slashing (Minor) at 12:08, Grant Clitsome (BUF) for Boarding (Minor) at 17:02

2nd period

No Goal

Penalties :
Dan Girardi (BUF) for Holding Stick (Minor) at 6:09, Zdeno Chara (BOS) for Interference (Minor) at 11:10, Dan Girardi (BUF) for Fighting (Major) at 14:24, Dennis Seidenberg (BOS) for Fighting (Major) at 14:24, Oliver Ekman-Larsson (BUF) for Interference (Minor) at 14:29

3rd period

No Goal

Penalties :
Oliver Ekman-Larsson (BUF) for Hooking (Minor) at 1:13, Brayden Schenn (BUF) for Hooking (Minor) at 13:46, Milan Lucic (BOS) for Roughing (Minor) at 13:46, Johnny Boychuk (BOS) for Holding (Minor) at 16:07

Goalie Stats

Tuukka Rask (BOS), 23 saves from 23 shots - (1.000), W, 26-15-2, 60:00 minutes
Ondrej Pavelec (BUF), 18 saves from 19 shots - (0.947), L, 24-15-7, 59:37 minutes

Players Stats for Bruins

Player Name              G  A  P  +/- PIM S  H  SB GA TA FO     MP     PP MP  PK MP  
------------------------------------------------------------------------------------
Brad Marchand            0  0  0   0  0   2  1  0  0  0  1/2    18:32   5:22   0:33 
Braydon Coburn           0  0  0   1  0   0  0  0  0  0  0/0     9:57   0:00   0:00 
Chris Kelly              0  0  0   0  0   2  0  0  0  0  8/19   14:59   0:00   4:37 
David Krejci             1  0  1   1  0   1  4  1  0  0  12/20  17:07   0:00   3:19 
Dennis Seidenberg        0  0  0   0  5   0  2  3  0  0  0/0    17:37   0:00   3:59 
Dougie Hamilton          0  0  0   0  0   1  0  3  0  0  0/0    19:47   3:56   0:28 
Jakob Silfverberg        0  0  0   0  0   0  1  0  0  0  0/0     6:24   0:22   0:00 
Johnny Boychuk           0  0  0   0  2   0  1  3  0  0  0/0    17:25   0:00   3:10 
Logan Couture            0  0  0   1  0   1  1  0  0  0  4/7    23:18   4:33   0:00 
Loui Eriksson            0  0  0   0  0   0  0  1  0  0  1/3    16:14   0:00   4:55 
Marc-Edouard Vlasic      0  0  0   1  0   3  1  1  0  0  0/0    18:44   3:56   3:47 
Matt Read                0  0  0   0  2   1  0  0  0  0  2/8    11:23   5:22   0:00 
Milan Lucic              0  0  0   0  2   0  4  0  0  0  1/2    17:22   4:33   2:28 
Patrice Bergeron         0  0  0   0  0   0  0  0  0  0  7/16   15:52   4:33   0:00 
Pierre-Alexandr Parentea 0  1  1   1  2   3  0  0  0  0  0/0    18:47   5:00   0:00 
Reilly Smith             0  0  0   0  0   1  0  0  0  0  0/0     9:26   0:00   0:00 
Torey Krug               0  0  0   0  0   2  0  0  0  0  0/0    11:30   5:59   1:42 
Zdeno Chara              0  0  0   0  2   2  3  3  0  0  0/0    25:35   5:59   2:46 

Players Stats for Sabres

Player Name              G  A  P  +/- PIM S  H  SB GA TA FO     MP     PP MP  PK MP  
------------------------------------------------------------------------------------
Brad Boyes               0  0  0   0  0   1  0  0  0  0  1/4    15:59   4:09   0:00 
Brad Stuart              0  0  0   0  0   0  2  1  0  0  0/0    17:44   0:00   2:49 
Brayden Schenn           0  0  0   0  2   2  2  0  0  0  7/10    9:35   0:00   0:00 
Dan Cleary               0  0  0   0  0   0  0  0  0  0  0/0     3:31   0:00   0:00 
Dan Girardi              0  0  0  -1  9   1  1  0  0  0  0/0    21:48   3:52   2:32 
Daniel Winnik            0  0  0   0  0   1  1  1  0  0  1/1     9:36   0:00   0:00 
Francois Beauchemin      0  0  0  -1  0   2  2  0  0  0  0/0    26:08   3:52   6:31 
Grant Clitsome           0  0  0   0  2   2  1  1  0  0  0/0    14:50   4:04   0:09 
Jason Pominville         0  0  0  -1  0   2  0  0  0  0  0/1    23:37   3:47   3:51 
Joel Ward                0  0  0   0  0   0  0  0  0  0  0/0     9:36   0:00   0:00 
Johnny Oduya             0  0  0   0  0   0  0  0  0  0  0/0    16:46   0:00   5:46 
Matt Duchene             0  0  0  -1  0   5  5  0  0  0  13/29  24:04   3:47   3:51 
Mike Fisher              0  0  0   0  0   1  2  0  0  0  16/26  22:03   4:09   6:04 
Oliver Ekman-Larsson     0  0  0   0  4   1  1  1  0  0  0/0    22:38   4:04   2:03 
Paul Gaustad             0  0  0   0  0   1  0  0  0  0  2/3     3:31   0:00   0:00 
Thomas Vanek             0  0  0  -1  0   3  1  1  0  0  1/2    20:13   3:47   0:00 
Tom Pyatt                0  0  0   0  0   0  0  1  0  0  0/0     3:31   0:00   0:00 
Zach Parise              0  0  0   0  0   1  1  0  0  0  0/1    22:49   4:09   6:04 

3 Stars

1 - Tuukka Rask (BOS)
2 - David Krejci (BOS)
3 - Ondrej Pavelec (BUF)

Power Play

Bruins - 0 on 5 Attempt(s) - 0.00%
Sabres - 0 on 4 Attempt(s) - 0.00%

Penalty Kill

Bruins - 4 on 4 Attempt(s) - 100.00% - Score 0 goal in Penalty Kill
Sabres - 5 on 5 Attempt(s) - 100.00% - Score 0 goal in Penalty Kill

Official

Referees : Graham Skiliter and Steve Kozari
Linesman : Darren Gibbs and John Grandt

Game Notes

Dan Girardi and Dennis Seidenberg fight to a draw at 14:24 of 2nd period

Finance

Level 1 -- Attendance: 6500 (100.00%) -- Ticket Income $520,000
Level 2 -- Attendance: 5000 (100.00%) -- Ticket Income $250,000
Level 3 -- Attendance: 3500 (100.00%) -- Ticket Income $122,500
Level 4 -- Attendance: 2690 (100.00%) -- Ticket Income $59,180
Luxury Box -- Attendance: 976 (97.60%) -- Ticket Income $195,200
Game was played at the First Niagara Center
Total Attendance: 18666 (99.87%)
Total Ticket Income: $1,146,880
Other Income: $172,032
Total Income: $1,318,912


% Time on Ice - Bruins

Lines # - Real PCT - Wanted PCT - Time Play
Normal Forward
1 - 35% - 40% - 13:48
2 - 29% - 30% - 11:19
3 - 24% - 20% - 9:26
4 - 12% - 10% - 4:41
Normal Defense
1 - 36% - 40% - 14:18
2 - 34% - 30% - 13:20
3 - 23% - 20% - 9:03
4 - 6% - 10% - 2:33
PP Forward
1 - 54% - 60% - 5:22
2 - 46% - 40% - 4:33
PP Defense
1 - 60% - 60% - 5:59
2 - 40% - 40% - 3:56
PK Forward
1 - 69% - 60% - 5:28
2 - 31% - 40% - 2:28
PK Defense
1 - 50% - 60% - 3:59
2 - 50% - 40% - 3:57
PK3 Forward
1 - 0% - 60%
2 - 0% - 40%
PK3 Defense
1 - 0% - 60%
2 - 0% - 40%
44 Forward
1 - 68% - 60% - 1:21
2 - 32% - 40% - 0:38
44 Defense
1 - 55% - 60% - 1:05
2 - 45% - 40% - 0:54
Last Minute Offensive  - 0:00
Last Minute Defensive  - 0:56
Total
Forward - 60:00
Defense - 60:00

% Time on Ice - Sabres

Lines # - Real PCT - Wanted PCT - Time Play
Normal Forward
1 - 37% - 40% - 14:29
2 - 30% - 35% - 11:50
3 - 24% - 20% - 9:36
4 - 9% - 5% - 3:31
Normal Defense
1 - 40% - 40% - 15:45
2 - 31% - 33% - 12:11
3 - 23% - 17% - 9:05
4 - 6% - 10% - 2:25
PP Forward
1 - 48% - 65% - 3:47
2 - 52% - 35% - 4:09
PP Defense
1 - 49% - 55% - 3:52
2 - 51% - 45% - 4:04
PK Forward
1 - 61% - 60% - 6:04
2 - 39% - 40% - 3:51
PK Defense
1 - 68% - 60% - 6:42
2 - 32% - 40% - 3:13
PK3 Forward
1 - 0% - 60%
2 - 0% - 40%
PK3 Defense
1 - 0% - 60%
2 - 0% - 40%
44 Forward
1 - 61% - 60% - 1:13
2 - 39% - 40% - 0:46
44 Defense
1 - 39% - 60% - 0:46
2 - 61% - 40% - 1:13
Last Minute Offensive  - 0:44
Last Minute Defensive  - 0:00
Total
Forward - 60:00
Defense - 60:00

Play by Play

1st period


0:01 of 1st period - David Krejci wins face-off versus Matt Duchene in neutral zone.
0:12 of 1st period - Shot by Pierre-Alexandr Parenteau.
0:12 of 1st period - Shot Blocked by Thomas Vanek.
0:25 of 1st period - Francois Beauchemin is hit by David Krejci and loses puck.
0:44 of 1st period - Minor Penalty to Pierre-Alexandr Parenteau for Cross-checking.
0:45 of 1st period - Chris Kelly wins face-off versus Brad Boyes in Bruins zone.
1:48 of 1st period - Shot by Thomas Vanek.
1:48 of 1st period - Shot Blocked by Dennis Seidenberg.
2:04 of 1st period - Shot by Francois Beauchemin.
2:04 of 1st period - Stopped by Tuukka Rask without a rebound.
2:05 of 1st period - Matt Duchene wins face-off versus Chris Kelly in Bruins zone.
2:25 of 1st period - Off-side.
2:26 of 1st period - Mike Fisher wins face-off versus Chris Kelly in neutral zone.
2:40 of 1st period - Shot by Brad Boyes.
2:40 of 1st period - Deflect By Zach Parise.
2:40 of 1st period - Shot Blocked by Johnny Boychuk.
2:42 of 1st period - Shot by Mike Fisher.
2:42 of 1st period - Shot Blocked by Loui Eriksson.
2:48 of 1st period - Shot by Brayden Schenn.
2:48 of 1st period - Stopped by Tuukka Rask with a rebound.
2:50 of 1st period - Shot by Joel Ward.
2:50 of 1st period - Shot Misses the Net.
3:14 of 1st period - Icing by Marc-Edouard Vlasic.
3:15 of 1st period - Logan Couture wins face-off versus Mike Fisher in Bruins zone.
3:15 of 1st period - Logan Couture is hit by Mike Fisher.
3:31 of 1st period - Shot by Matt Read.
3:31 of 1st period - Stopped by Ondrej Pavelec without a rebound.
3:32 of 1st period - Patrice Bergeron wins face-off versus Matt Duchene in Sabres zone.
4:07 of 1st period - Shot by Dan Girardi.
4:07 of 1st period - Shot Misses the Net.
4:13 of 1st period - Shot by Matt Duchene.
4:13 of 1st period - Stopped by Tuukka Rask without a rebound.
4:14 of 1st period - Mike Fisher wins face-off versus David Krejci in Bruins zone.
4:35 of 1st period - Shot by Brad Boyes.
4:35 of 1st period - Deflect By Mike Fisher.
4:35 of 1st period - Shot Blocked by Zdeno Chara.
4:45 of 1st period - Shot by Brad Boyes.
4:45 of 1st period - Stopped by Tuukka Rask without a rebound.
4:46 of 1st period - Brayden Schenn wins face-off versus Chris Kelly in Bruins zone.
4:55 of 1st period - Shot by Milan Lucic.
4:55 of 1st period - Shot Blocked by Daniel Winnik.
4:57 of 1st period - Shot by Marc-Edouard Vlasic.
4:57 of 1st period - Deflect By Chris Kelly.
4:57 of 1st period - Shot Misses the Net.
5:03 of 1st period - Shot by Chris Kelly.
5:03 of 1st period - Stopped by Ondrej Pavelec without a rebound.
5:04 of 1st period - Patrice Bergeron wins face-off versus Matt Duchene in Sabres zone.
5:14 of 1st period - Minor Penalty to Dan Girardi for Hooking.
5:15 of 1st period - Mike Fisher wins face-off versus Matt Read in Sabres zone.
5:49 of 1st period - Zdeno Chara is hit by Brad Stuart.
6:29 of 1st period - Johnny Oduya is hit by Brad Marchand and loses puck.
6:56 of 1st period - Shot by Marc-Edouard Vlasic.
6:56 of 1st period - Stopped by Ondrej Pavelec without a rebound.
6:57 of 1st period - Matt Duchene wins face-off versus Patrice Bergeron in Sabres zone.
6:57 of 1st period - Matt Duchene is hit by Milan Lucic.
7:42 of 1st period - Shot by Chris Kelly.
7:42 of 1st period - Deflect By Reilly Smith.
7:42 of 1st period - Stopped by Ondrej Pavelec without a rebound.
7:43 of 1st period - David Krejci wins face-off versus Matt Duchene in Sabres zone.
7:53 of 1st period - Icing by Johnny Oduya.
7:54 of 1st period - Matt Duchene wins face-off versus Patrice Bergeron in Sabres zone.
7:54 of 1st period - Matt Duchene is hit by Zdeno Chara.
8:16 of 1st period - Shot by Matt Duchene.
8:16 of 1st period - Shot Blocked by Dougie Hamilton.
8:18 of 1st period - Shot by Matt Duchene.
8:18 of 1st period - Shot Misses the Net.
8:31 of 1st period - Shot by Jason Pominville.
8:31 of 1st period - Shot Misses the Net.
8:33 of 1st period - Shot by Grant Clitsome.
8:33 of 1st period - Stopped by Tuukka Rask without a rebound.
8:34 of 1st period - Mike Fisher wins face-off versus David Krejci in Bruins zone.
8:40 of 1st period - Icing by Dennis Seidenberg.
8:41 of 1st period - David Krejci wins face-off versus Brad Boyes in Bruins zone.
9:05 of 1st period - Pierre-Alexandr Parenteau is hit by Oliver Ekman-Larsson and loses puck.
9:20 of 1st period - Zach Parise is hit by David Krejci and loses puck.
9:49 of 1st period - Shot by Thomas Vanek.
9:49 of 1st period - Shot Misses the Net.
9:56 of 1st period - Jason Pominville is hit by Dennis Seidenberg and loses puck.
10:06 of 1st period - Icing by Johnny Boychuk.
10:07 of 1st period - Brayden Schenn wins face-off versus Logan Couture in Bruins zone.
10:16 of 1st period - Shot by Brayden Schenn.
10:16 of 1st period - Stopped by Tuukka Rask without a rebound.
10:17 of 1st period - Paul Gaustad wins face-off versus Patrice Bergeron in Bruins zone.
10:40 of 1st period - Shot by Dan Cleary.
10:40 of 1st period - Shot Blocked by Zdeno Chara.
10:58 of 1st period - Shot by Dan Cleary.
10:58 of 1st period - Shot Misses the Net.
11:00 of 1st period - Shot by Grant Clitsome.
11:00 of 1st period - Stopped by Tuukka Rask without a rebound.
11:01 of 1st period - Mike Fisher wins face-off versus Milan Lucic in Bruins zone.
12:05 of 1st period - Shot by Matt Read.
12:05 of 1st period - Shot Blocked by Oliver Ekman-Larsson.
12:08 of 1st period - Minor Penalty to Matt Read for Slashing.
12:09 of 1st period - Matt Duchene wins face-off versus Loui Eriksson in Bruins zone.
12:11 of 1st period - Thomas Vanek is hit by Zdeno Chara and loses puck.
13:25 of 1st period - Shot by Mike Fisher.
13:25 of 1st period - Shot Misses the Net.
13:27 of 1st period - Shot by Francois Beauchemin.
13:27 of 1st period - Shot Hit the Post.
13:29 of 1st period - Shot by Dan Girardi.
13:29 of 1st period - Shot Misses the Net.
13:38 of 1st period - Icing by Dan Girardi.
13:39 of 1st period - Mike Fisher wins face-off versus Chris Kelly in Sabres zone.
14:34 of 1st period - Shot by Brayden Schenn.
14:34 of 1st period - Shot Misses the Net.
14:36 of 1st period - Shot by Brayden Schenn.
14:36 of 1st period - Deflect By Joel Ward.
14:36 of 1st period - Shot Blocked by Zdeno Chara.
16:04 of 1st period - Matt Duchene is hit by Dennis Seidenberg and loses puck.
16:18 of 1st period - Icing by Francois Beauchemin.
16:19 of 1st period - David Krejci wins face-off versus Matt Duchene in Sabres zone.
16:41 of 1st period - Shot by David Krejci.
16:41 of 1st period - Goal by David Krejci - Bruins : 1 - Sabres : 0.
16:42 of 1st period - Chris Kelly wins face-off versus Mike Fisher in neutral zone.
16:44 of 1st period - Dougie Hamilton is hit by Grant Clitsome and loses puck.
16:55 of 1st period - Shot by Mike Fisher.
16:55 of 1st period - Shot Blocked by Dougie Hamilton.
17:02 of 1st period - Minor Penalty to Grant Clitsome for Boarding.
17:03 of 1st period - Mike Fisher wins face-off versus Matt Read in Sabres zone.
17:37 of 1st period - Shot by Marc-Edouard Vlasic.
17:37 of 1st period - Shot Misses the Net.
17:55 of 1st period - Shot by Zdeno Chara.
17:55 of 1st period - Stopped by Ondrej Pavelec without a rebound.
17:56 of 1st period - Milan Lucic wins face-off versus Matt Duchene in Sabres zone.
18:03 of 1st period - Shot by Torey Krug.
18:03 of 1st period - Stopped by Ondrej Pavelec with a rebound.
18:05 of 1st period - Shot by Zdeno Chara.
18:05 of 1st period - Stopped by Ondrej Pavelec without a rebound.
18:06 of 1st period - Mike Fisher wins face-off versus Patrice Bergeron in Sabres zone.
18:37 of 1st period - Shot by Zach Parise.
18:37 of 1st period - Shot Misses the Net.
19:23 of 1st period - Shot by Matt Duchene.
19:23 of 1st period - Stopped by Tuukka Rask without a rebound.
19:24 of 1st period - Brayden Schenn wins face-off versus Chris Kelly in Bruins zone.
19:35 of 1st period - Braydon Coburn is hit by Daniel Winnik and loses puck.
Goals for this period are 1 for Bruins vs 0 for Sabres.
Shots for this period are 8 for Bruins vs 8 for Sabres.

2nd period


0:01 of 2nd period - Mike Fisher wins face-off versus David Krejci in neutral zone.
0:01 of 2nd period - Mike Fisher is hit by David Krejci.
0:17 of 2nd period - Shot by Brad Boyes.
0:17 of 2nd period - Shot Misses the Net.
0:57 of 2nd period - Zdeno Chara is hit by Matt Duchene.
1:08 of 2nd period - Icing by Oliver Ekman-Larsson.
1:09 of 2nd period - Matt Duchene wins face-off versus Brad Marchand in Sabres zone.
1:33 of 2nd period - Icing by Matt Duchene.
1:34 of 2nd period - Chris Kelly wins face-off versus Matt Duchene in Sabres zone.
1:45 of 2nd period - Shot by Matt Duchene.
1:45 of 2nd period - Shot Misses the Net.
1:51 of 2nd period - Shot by Matt Duchene.
1:51 of 2nd period - Stopped by Tuukka Rask without a rebound.
1:52 of 2nd period - Patrice Bergeron wins face-off versus Mike Fisher in Bruins zone.
2:05 of 2nd period - Shot by Brad Marchand.
2:05 of 2nd period - Stopped by Ondrej Pavelec without a rebound.
2:06 of 2nd period - David Krejci wins face-off versus Brayden Schenn in Sabres zone.
2:38 of 2nd period - Shot by Brayden Schenn.
2:38 of 2nd period - Shot Misses the Net.
3:10 of 2nd period - Icing by Patrice Bergeron.
3:11 of 2nd period - Mike Fisher wins face-off versus Patrice Bergeron in Bruins zone.
3:17 of 2nd period - Off-side.
3:18 of 2nd period - Chris Kelly wins face-off versus Mike Fisher in neutral zone.
3:30 of 2nd period - Dan Girardi is hit by Milan Lucic and loses puck.
3:36 of 2nd period - Milan Lucic is hit by Francois Beauchemin and loses puck.
3:41 of 2nd period - Shot by Chris Kelly.
3:41 of 2nd period - Stopped by Ondrej Pavelec without a rebound.
3:42 of 2nd period - Matt Duchene wins face-off versus David Krejci in Sabres zone.
3:46 of 2nd period - Off-side.
3:47 of 2nd period - Matt Duchene wins face-off versus David Krejci in neutral zone.
3:52 of 2nd period - Zdeno Chara is hit by Matt Duchene and loses puck.
4:28 of 2nd period - Shot by Matt Duchene.
4:28 of 2nd period - Shot Misses the Net.
5:57 of 2nd period - Chris Kelly is hit by Brayden Schenn and loses puck.
6:04 of 2nd period - Shot by Braydon Coburn.
6:04 of 2nd period - Shot Misses the Net.
6:06 of 2nd period - Shot by Marc-Edouard Vlasic.
6:06 of 2nd period - Stopped by Ondrej Pavelec without a rebound.
6:07 of 2nd period - Logan Couture wins face-off versus Matt Duchene in Sabres zone.
6:09 of 2nd period - Minor Penalty to Dan Girardi for Holding Stick.
6:10 of 2nd period - Mike Fisher wins face-off versus Matt Read in Sabres zone.
6:25 of 2nd period - Shot by Brad Marchand.
6:25 of 2nd period - Deflect By Pierre-Alexandr Parenteau.
6:25 of 2nd period - Stopped by Ondrej Pavelec without a rebound.
6:26 of 2nd period - Mike Fisher wins face-off versus Patrice Bergeron in Sabres zone.
6:26 of 2nd period - Mike Fisher is hit by Milan Lucic.
6:48 of 2nd period - Matt Duchene is hit by Milan Lucic and loses puck.
8:09 of 2nd period - Icing by Torey Krug.
8:10 of 2nd period - Brayden Schenn wins face-off versus Chris Kelly in Bruins zone.
8:30 of 2nd period - Off-side.
8:31 of 2nd period - David Krejci wins face-off versus Jason Pominville in neutral zone.
9:05 of 2nd period - Off-side.
9:06 of 2nd period - Patrice Bergeron wins face-off versus Zach Parise in neutral zone.
9:30 of 2nd period - Shot by Patrice Bergeron.
9:30 of 2nd period - Shot Blocked by Grant Clitsome.
9:57 of 2nd period - Icing by Johnny Oduya.
9:58 of 2nd period - Mike Fisher wins face-off versus Chris Kelly in Sabres zone.
10:33 of 2nd period - Shot by Jason Pominville.
10:33 of 2nd period - Stopped by Tuukka Rask with a rebound.
10:49 of 2nd period - Shot by Thomas Vanek.
10:49 of 2nd period - Stopped by Tuukka Rask without a rebound.
10:50 of 2nd period - Brayden Schenn wins face-off versus David Krejci in Bruins zone.
11:03 of 2nd period - Shot by Daniel Winnik.
11:03 of 2nd period - Deflect By Brayden Schenn.
11:03 of 2nd period - Shot Blocked by David Krejci.
11:10 of 2nd period - Minor Penalty to Zdeno Chara for Interference.
11:11 of 2nd period - Chris Kelly wins face-off versus Brad Boyes in Bruins zone.
11:11 of 2nd period - Chris Kelly is hit by Mike Fisher.
11:33 of 2nd period - Shot by Francois Beauchemin.
11:33 of 2nd period - Shot Hit the Post.
11:35 of 2nd period - Shot by Zach Parise.
11:35 of 2nd period - Shot Misses the Net.
12:04 of 2nd period - Icing by Oliver Ekman-Larsson.
12:05 of 2nd period - David Krejci wins face-off versus Matt Duchene in Sabres zone.
12:12 of 2nd period - Shot by Oliver Ekman-Larsson.
12:12 of 2nd period - Stopped by Tuukka Rask without a rebound.
12:13 of 2nd period - David Krejci wins face-off versus Matt Duchene in Bruins zone.
12:45 of 2nd period - Shot by Jason Pominville.
12:45 of 2nd period - Stopped by Tuukka Rask without a rebound.
12:46 of 2nd period - Brad Boyes wins face-off versus Chris Kelly in Bruins zone.
13:01 of 2nd period - Shot by Zach Parise.
13:01 of 2nd period - Shot Blocked by Johnny Boychuk.
13:07 of 2nd period - Shot by Brad Boyes.
13:07 of 2nd period - Shot Blocked by Dennis Seidenberg.
13:09 of 2nd period - Shot by Francois Beauchemin.
13:09 of 2nd period - Shot Hit the Post.
13:11 of 2nd period - Shot by Daniel Winnik.
13:11 of 2nd period - Stopped by Tuukka Rask without a rebound.
13:12 of 2nd period - David Krejci wins face-off versus Matt Duchene in Bruins zone.
13:12 of 2nd period - David Krejci is hit by Matt Duchene.
13:27 of 2nd period - Logan Couture is hit by Brad Stuart and loses puck.
13:48 of 2nd period - Shot by Matt Duchene.
13:48 of 2nd period - Deflect By Thomas Vanek.
13:48 of 2nd period - Stopped by Tuukka Rask without a rebound.
13:49 of 2nd period - Brad Marchand wins face-off versus Mike Fisher in Bruins zone.
13:49 of 2nd period - Brad Marchand is hit by Zach Parise.
14:09 of 2nd period - Icing by Dan Girardi.
14:10 of 2nd period - Mike Fisher wins face-off versus Logan Couture in Sabres zone.
14:24 of 2nd period - Dan Girardi and Dennis Seidenberg fight to a draw.
14:24 of 2nd period - Penalty to Dan Girardi for Fighting.
14:24 of 2nd period - Penalty to Dennis Seidenberg for Fighting.
14:25 of 2nd period - Patrice Bergeron wins face-off versus Thomas Vanek in Bruins zone.
14:29 of 2nd period - Minor Penalty to Oliver Ekman-Larsson for Interference.
14:30 of 2nd period - Matt Read wins face-off versus Mike Fisher in Sabres zone.
14:34 of 2nd period - Pierre-Alexandr Parenteau is hit by Francois Beauchemin and loses puck.
14:47 of 2nd period - Shot by Pierre-Alexandr Parenteau.
14:47 of 2nd period - Shot Misses the Net.
15:42 of 2nd period - Shot by Matt Duchene.
15:42 of 2nd period - Deflect By Jason Pominville.
15:42 of 2nd period - Shot Misses the Net.
15:56 of 2nd period - Milan Lucic is hit by Matt Duchene and loses puck.
18:00 of 2nd period - Off-side.
18:01 of 2nd period - Matt Duchene wins face-off versus Patrice Bergeron in neutral zone.
18:33 of 2nd period - Off-side.
18:34 of 2nd period - Logan Couture wins face-off versus Mike Fisher in neutral zone.
18:39 of 2nd period - Shot by Jakob Silfverberg.
18:39 of 2nd period - Shot Misses the Net.
18:50 of 2nd period - Brad Boyes is hit by Zdeno Chara and loses puck.
19:32 of 2nd period - Matt Read is hit by Thomas Vanek and loses puck.
Goals for this period are 0 for Bruins vs 0 for Sabres.
Shots for this period are 4 for Bruins vs 7 for Sabres.

3rd period


0:01 of 3rd period - Logan Couture wins face-off versus Mike Fisher in neutral zone.
0:14 of 3rd period - Shot by Pierre-Alexandr Parenteau.
0:14 of 3rd period - Stopped by Ondrej Pavelec without a rebound.
0:15 of 3rd period - Thomas Vanek wins face-off versus Patrice Bergeron in Sabres zone.
0:31 of 3rd period - Off-side.
0:32 of 3rd period - Mike Fisher wins face-off versus Logan Couture in neutral zone.
0:56 of 3rd period - Shot by Pierre-Alexandr Parenteau.
0:56 of 3rd period - Shot Misses the Net.
1:13 of 3rd period - Minor Penalty to Oliver Ekman-Larsson for Hooking.
1:14 of 3rd period - Matt Read wins face-off versus Mike Fisher in Sabres zone.
2:11 of 3rd period - Shot by Milan Lucic.
2:11 of 3rd period - Shot Misses the Net.
2:50 of 3rd period - Shot by Zdeno Chara.
2:50 of 3rd period - Shot Misses the Net.
2:52 of 3rd period - Shot by Torey Krug.
2:52 of 3rd period - Stopped by Ondrej Pavelec without a rebound.
2:53 of 3rd period - Patrice Bergeron wins face-off versus Matt Duchene in Sabres zone.
3:21 of 3rd period - Shot by Joel Ward.
3:21 of 3rd period - Shot Misses the Net.
3:23 of 3rd period - Shot by Daniel Winnik.
3:23 of 3rd period - Shot Blocked by Dennis Seidenberg.
4:22 of 3rd period - Shot by Dan Girardi.
4:22 of 3rd period - Stopped by Tuukka Rask without a rebound.
4:23 of 3rd period - David Krejci wins face-off versus Matt Duchene in Bruins zone.
4:54 of 3rd period - David Krejci is hit by Matt Duchene and loses puck.
6:30 of 3rd period - Icing by Dennis Seidenberg.
6:31 of 3rd period - Matt Duchene wins face-off versus Chris Kelly in Bruins zone.
7:02 of 3rd period - Shot by Matt Duchene.
7:02 of 3rd period - Deflect By Thomas Vanek.
7:02 of 3rd period - Stopped by Tuukka Rask without a rebound.
7:03 of 3rd period - Brayden Schenn wins face-off versus David Krejci in Bruins zone.
7:10 of 3rd period - Dougie Hamilton is hit by Brayden Schenn and loses puck.
7:23 of 3rd period - Shot by Pierre-Alexandr Parenteau.
7:23 of 3rd period - Stopped by Ondrej Pavelec with a rebound.
7:25 of 3rd period - Shot by Dougie Hamilton.
7:25 of 3rd period - Stopped by Ondrej Pavelec without a rebound.
7:26 of 3rd period - Patrice Bergeron wins face-off versus Matt Duchene in Sabres zone.
8:04 of 3rd period - Shot by Patrice Bergeron.
8:04 of 3rd period - Shot Misses the Net.
8:57 of 3rd period - Shot by Zach Parise.
8:57 of 3rd period - Stopped by Tuukka Rask without a rebound.
8:58 of 3rd period - Chris Kelly wins face-off versus Brayden Schenn in Bruins zone.
9:20 of 3rd period - Icing by Johnny Oduya.
9:21 of 3rd period - Brayden Schenn wins face-off versus David Krejci in Sabres zone.
9:21 of 3rd period - Brayden Schenn is hit by Logan Couture.
9:26 of 3rd period - Johnny Oduya is hit by David Krejci and loses puck.
9:33 of 3rd period - Shot by Daniel Winnik.
9:33 of 3rd period - Shot Misses the Net.
10:00 of 3rd period - Icing by Grant Clitsome.
10:01 of 3rd period - Loui Eriksson wins face-off versus Brayden Schenn in Sabres zone.
10:21 of 3rd period - Icing by Francois Beauchemin.
10:22 of 3rd period - Mike Fisher wins face-off versus Chris Kelly in Sabres zone.
11:30 of 3rd period - Shot by Jason Pominville.
11:30 of 3rd period - Shot Misses the Net.
11:38 of 3rd period - Shot by Matt Duchene.
11:38 of 3rd period - Stopped by Tuukka Rask without a rebound.
11:39 of 3rd period - David Krejci wins face-off versus Paul Gaustad in Bruins zone.
11:57 of 3rd period - Icing by Johnny Oduya.
11:58 of 3rd period - Paul Gaustad wins face-off versus Patrice Bergeron in Sabres zone.
12:05 of 3rd period - Shot by Paul Gaustad.
12:05 of 3rd period - Stopped by Tuukka Rask without a rebound.
12:06 of 3rd period - David Krejci wins face-off versus Matt Duchene in Bruins zone.
12:44 of 3rd period - Zdeno Chara is hit by Dan Girardi and loses puck.
13:35 of 3rd period - Shot by Brad Boyes.
13:35 of 3rd period - Shot Blocked by Johnny Boychuk.
13:37 of 3rd period - Shot by Mike Fisher.
13:37 of 3rd period - Stopped by Tuukka Rask without a rebound.
13:38 of 3rd period - Daniel Winnik wins face-off versus Chris Kelly in Bruins zone.
13:41 of 3rd period - Shot by Joel Ward.
13:41 of 3rd period - Shot Blocked by Marc-Edouard Vlasic.
13:46 of 3rd period - Minor Penalty to Brayden Schenn for Hooking.
13:46 of 3rd period - Minor Penalty to Milan Lucic for Roughing.
13:47 of 3rd period - Matt Duchene wins face-off versus Matt Read in neutral zone.
13:47 of 3rd period - Thomas Vanek is hit by Jakob Silfverberg and loses puck.
14:09 of 3rd period - Shot by Matt Read.
14:09 of 3rd period - Shot Blocked by Brad Stuart.
14:11 of 3rd period - Shot by Jakob Silfverberg.
14:11 of 3rd period - Shot Misses the Net.
14:13 of 3rd period - Shot by Marc-Edouard Vlasic.
14:13 of 3rd period - Stopped by Ondrej Pavelec without a rebound.
14:14 of 3rd period - Matt Duchene wins face-off versus Matt Read in Sabres zone.
14:40 of 3rd period - Shot by Matt Duchene.
14:40 of 3rd period - Stopped by Tuukka Rask with a rebound.
14:42 of 3rd period - Shot by Matt Duchene.
14:42 of 3rd period - Shot Misses the Net.
15:32 of 3rd period - Shot by Logan Couture.
15:32 of 3rd period - Stopped by Ondrej Pavelec without a rebound.
15:33 of 3rd period - Matt Duchene wins face-off versus Matt Read in Sabres zone.
15:49 of 3rd period - Matt Duchene is hit by Johnny Boychuk and loses puck.
16:07 of 3rd period - Minor Penalty to Johnny Boychuk for Holding.
16:08 of 3rd period - Chris Kelly wins face-off versus Mike Fisher in Bruins zone.
16:22 of 3rd period - Zach Parise is hit by Marc-Edouard Vlasic and loses puck.
16:25 of 3rd period - Shot by Francois Beauchemin.
16:25 of 3rd period - Stopped by Tuukka Rask with a rebound.
17:28 of 3rd period - Shot by Thomas Vanek.
17:28 of 3rd period - Shot Blocked by Dougie Hamilton.
17:58 of 3rd period - Icing by Oliver Ekman-Larsson.
17:59 of 3rd period - Matt Duchene wins face-off versus Loui Eriksson in Sabres zone.
18:26 of 3rd period - Shot by Logan Couture.
18:26 of 3rd period - Shot Blocked by Tom Pyatt.
18:28 of 3rd period - Shot by Zdeno Chara.
18:28 of 3rd period - Shot Misses the Net.
19:25 of 3rd period - Shot by Brad Marchand.
19:25 of 3rd period - Stopped by Ondrej Pavelec without a rebound.
19:26 of 3rd period - Chris Kelly wins face-off versus Matt Duchene in Sabres zone.
19:37 of 3rd period - Sabres, Ondrej Pavelec is pulled from the net.
Goals for this period are 0 for Bruins vs 0 for Sabres.
Shots for this period are 7 for Bruins vs 8 for Sabres.


Output by the SimonT Hockey Simulator (STHS) for Stephane Roy -- Original Page W3C XHTML 1.0 Valid
Hockey Simulator - Hockey Simulation - Hockey Manager